PAAA
PLYMOUTH ROCKS @ JERSEY CITY TRITONS
07/29/2030
 
TOP OF THE 1ST
Plymouth Rocks batting - Pitching for Jersey City Tritons : LHP Chris Sommer
Pitching: LHP Chris Sommer
Batting: RHB Luis Guerrero 0-0: Called Strike
0-1: Foul Ball, location: 2F
0-2: Ball
1-2: Ball
2-2: Ball
3-2: Foul Ball, location: 2F
3-2: Base on Balls
Batting: RHB Gene Lucero 0-0: Ball
1-0: Called Strike
1-1: Called Strike
1-2: Ball
2-2: Fly out, F6 (Line Drive, 6)
Batting: LHB José Castillo 0-0: Called Strike
0-1: Ball
1-1: Swinging Strike
1-2: Strikes out swinging
Batting: SHB Javier Vega 0-0: Ball
1-0: Ball
2-0: Ball
3-0: Called Strike
3-1: Foul Ball, location: 2F
3-2: Base on Balls
Luis Guerrero to second
Batting: RHB Augusto Rocha 0-0: Fielders Choice at 2nd, 6-4 (Groundball, 6)
Top of the 1st over - 0 runs, 0 hits, 0 errors, 2 left on base; Plymouth 0 - Jersey City 0
BOTTOM OF THE 1ST
Jersey City Tritons batting - Pitching for Plymouth Rocks : RHP Bob Payne
Pitching: RHP Bob Payne
Batting: LHB Dana Waldrip 0-0: Ball
1-0: Swinging Strike
1-1: Called Strike
1-2: Ball
2-2: Ball
3-2: Fly out, F9 (Flyball, 9S)
Batting: LHB Chia-ch'ing Dodman 0-0: SOLO HOME RUN (Flyball, 9D), Distance : 381 ft
Batting: RHB Ed Adams 0-0: Called Strike
0-1: Ground out 1-3 (Groundball, 13)
Batting: RHB Edgar Baeza 0-0: Foul Ball, location: 2F
0-1: Fly out, F7 (Flyball, 78D)
Bottom of the 1st over - 1 run, 1 hit, 0 errors, 0 left on base; Plymouth 0 - Jersey City 1
TOP OF THE 2ND
Plymouth Rocks batting - Pitching for Jersey City Tritons : LHP Chris Sommer
Batting: RHB Cosmo Bjorkenheim 0-0: DOUBLE (Line Drive, 9LM)
Batting: LHB Edgardo De Jesús 0-0: Fly out, F9 (Flyball, 9LM)
Batting: SHB Raúl Rodríguez 0-0: Ball
1-0: Called Strike
1-1: Ball
2-1: Foul Ball, location: 2F
2-2: Foul Ball, location: 2F
2-2: Ground out 5-3 (Groundball, 56)
Batting: SHB Raúl Duarte 0-0: Called Strike
0-1: Ball
1-1: Called Strike
1-2: Ball
2-2: Ball
3-2: Base on Balls
Batting: RHB Luis Guerrero 0-0: SINGLE (Groundball, 4D)
Cosmo Bjorkenheim to third
Raúl Duarte to second
Runner from 3rd tries for Home, SAFE, no throw
Batting: RHB Gene Lucero 0-0: Ball
1-0: Fly out, F7 (Line Drive, 78M)
Top of the 2nd over - 1 run, 2 hits, 0 errors, 2 left on base; Plymouth 1 - Jersey City 1
BOTTOM OF THE 2ND
Jersey City Tritons batting - Pitching for Plymouth Rocks : RHP Bob Payne
Batting: RHB Ju-chan Pak 0-0: Ball
1-0: Ball
2-0: Called Strike
2-1: Ball
3-1: Foul Ball, location: 2F
3-2: Base on Balls
Batting: RHB Lionel McCloud 0-0: Ball
1-0: Foul Ball, location: 2F
1-1: Ball
2-1: SINGLE (Line Drive, 6MD)
Ju-chan Pak to second
Batting: RHB Vincent Vega 0-0: Ball
1-0: Ball
2-0: Foul Ball, location: 2F
2-1: Ball
3-1: Foul Ball, location: 2F
3-2: Base on Balls
Ju-chan Pak to third
Lionel McCloud to second
Batting: RHB Tommy Socorro 0-0: Foul Ball, location: 2F
0-1: Ball
1-1: Ball
2-1: Ball
3-1: Base on Balls
Ju-chan Pak scores
Lionel McCloud to third
Vincent Vega to second
Batting: RHB Seth Rollins 0-0: Ball
1-0: Foul Ball, location: 2F
1-1: Called Strike
1-2: Strikes out swinging
Batting: LHB Dana Waldrip 0-0: Foul Ball, location: 2F
0-1: Fly out, F8 (Flyball, 8LD)
Runner from 3rd tags up, SCORES, throw made
Batting: LHB Chia-ch'ing Dodman 0-0: Ball
1-0: Ground out U3 (Groundball, 3)
Bottom of the 2nd over - 2 runs, 1 hit, 0 errors, 2 left on base; Plymouth 1 - Jersey City 3
TOP OF THE 3RD
Plymouth Rocks batting - Pitching for Jersey City Tritons : LHP Chris Sommer
Batting: LHB José Castillo 0-0: Called Strike
0-1: Ball
1-1: Foul Ball, location: 2F
1-2: Ball
2-2: Foul Ball, location: 2F
2-2: Ball
3-2: Foul Ball, location: 2F
3-2: Foul Ball, location: 2F
3-2: Fly out, F8 (Flyball, 78D)
Batting: SHB Javier Vega 0-0: Swinging Strike
0-1: Ball
1-1: Ball
2-1: Ball
3-1: Base on Balls
Batting: RHB Augusto Rocha 0-0: Called Strike
0-1: Ball
1-1: Ball
2-1: Called Strike
2-2: Ball
Javier Vega steals 2nd base
3-2: Strikes out swinging
Batting: RHB Cosmo Bjorkenheim 0-0: SINGLE (Groundball, 56D)
Javier Vega to third
Runner from 3rd tries for Home, SAFE, throw made home
Batting: LHB Edgardo De Jesús 0-0: Called Strike
0-1: Ball
1-1: Ball
2-1: Swinging Strike
2-2: Foul Ball, location: 2F
2-2: Ball
3-2: Strikes out swinging
Top of the 3rd over - 1 run, 1 hit, 0 errors, 1 left on base; Plymouth 2 - Jersey City 3
BOTTOM OF THE 3RD
Jersey City Tritons batting - Pitching for Plymouth Rocks : RHP Bob Payne
Batting: RHB Ed Adams 0-0: Ball
1-0: Ball
2-0: Ball
3-0: Called Strike
3-1: Base on Balls
Batting: RHB Edgar Baeza 0-0: Fly out, F5 (Line Drive, 5)
Batting: RHB Ju-chan Pak 0-0: Fly out, F9 (Flyball, 9S)
Batting: RHB Lionel McCloud 0-0: Ball
1-0: Foul Ball, location: 2F
1-1: Fly out, F8 (Flyball, 8LD)
Bottom of the 3rd over - 0 runs, 0 hits, 0 errors, 1 left on base; Plymouth 2 - Jersey City 3
TOP OF THE 4TH
Plymouth Rocks batting - Pitching for Jersey City Tritons : LHP Chris Sommer
Batting: SHB Raúl Rodríguez 0-0: SINGLE (Flyball, 78M)
Batting: SHB Raúl Duarte 0-0: Ball
1-0: Foul Ball, location: 2F
1-1: Ball
Raúl Rodríguez steals 2nd base
2-1: Ball
3-1: Base on Balls
Batting: RHB Luis Guerrero 0-0: Called Strike
0-1: Foul Ball, location: 2F
0-2: Ball
1-2: Strikes out swinging
Batting: RHB Gene Lucero 0-0: Called Strike
0-1: Ball
1-1: Grounds into double play, 5-4-3 (Groundball, 5)
Top of the 4th over - 0 runs, 1 hit, 0 errors, 1 left on base; Plymouth 2 - Jersey City 3
BOTTOM OF THE 4TH
Jersey City Tritons batting - Pitching for Plymouth Rocks : RHP Bob Payne
Batting: RHB Vincent Vega 0-0: Ball
1-0: Foul Ball, location: 2F
1-1: Foul Ball, location: 2F
1-2: Fly out, F7 (Line Drive, 7)
Batting: RHB Tommy Socorro 0-0: Called Strike
0-1: Ball
1-1: Fly out, F9 (Flyball, 9D)
Pitching: RHP Ken Shelton
Batting: RHB Seth Rollins 0-0: Ball
1-0: Foul Ball, location: 2F
1-1: Ball
2-1: Ball
3-1: Foul Ball, location: 2F
3-2: Fly out, F3 (Popup, 3)
Bottom of the 4th over - 0 runs, 0 hits, 0 errors, 0 left on base; Plymouth 2 - Jersey City 3
TOP OF THE 5TH
Plymouth Rocks batting - Pitching for Jersey City Tritons : LHP Chris Sommer
Batting: LHB José Castillo 0-0: Swinging Strike
0-1: Ball
1-1: Ball
2-1: Ball
3-1: Called Strike
3-2: Fly out, F8 (Flyball, 8LM)
Batting: SHB Javier Vega 0-0: Ball
1-0: Ball
2-0: Swinging Strike
2-1: Swinging Strike
2-2: Strikes out swinging
Batting: RHB Augusto Rocha 0-0: Foul Ball, location: 2F
0-1: Ground out 5-3 (Groundball, 56S)
Top of the 5th over - 0 runs, 0 hits, 0 errors, 0 left on base; Plymouth 2 - Jersey City 3
BOTTOM OF THE 5TH
Jersey City Tritons batting - Pitching for Plymouth Rocks : RHP Ken Shelton
Batting: LHB Dana Waldrip 0-0: Foul Ball, location: 2F
0-1: Foul Ball, location: 2F
0-2: Ball
1-2: Strikes out swinging
Batting: LHB Chia-ch'ing Dodman 0-0: Fly out, F9 (Flyball, 9D)
Batting: RHB Ed Adams 0-0: Ball
1-0: Called Strike
1-1: Ground out 3-1 (Groundball, 34)
Bottom of the 5th over - 0 runs, 0 hits, 0 errors, 0 left on base; Plymouth 2 - Jersey City 3
TOP OF THE 6TH
Plymouth Rocks batting - Pitching for Jersey City Tritons : LHP Chris Sommer
Batting: RHB Cosmo Bjorkenheim 0-0: Ball
1-0: Called Strike
1-1: Ball
2-1: Fly out, F8 (Flyball, 8LXD)
Batting: LHB Edgardo De Jesús 0-0: Called Strike
0-1: Swinging Strike
0-2: Ground out 5-3 (Groundball, 56S)
Batting: SHB Raúl Rodríguez 0-0: Ball
1-0: Fly out, F9 (Flyball, 9S)
Top of the 6th over - 0 runs, 0 hits, 0 errors, 0 left on base; Plymouth 2 - Jersey City 3
BOTTOM OF THE 6TH
Jersey City Tritons batting - Pitching for Plymouth Rocks : RHP Ken Shelton
Batting: RHB Edgar Baeza 0-0: Ball
1-0: Swinging Strike
1-1: Called Strike
1-2: Fly out, F8 (Line Drive, 89D)
Batting: RHB Ju-chan Pak 0-0: Ball
1-0: Ball
2-0: Called Strike
2-1: Ball
3-1: Foul Ball, location: 2F
3-2: Base on Balls
Batting: RHB Lionel McCloud Pickoff Throw to First - Out!
0-0: Called Strike
0-1: Foul Ball, location: 2F
0-2: Strikes out swinging
Bottom of the 6th over - 0 runs, 0 hits, 0 errors, 0 left on base; Plymouth 2 - Jersey City 3
TOP OF THE 7TH
Plymouth Rocks batting - Pitching for Jersey City Tritons : LHP Chris Sommer
Pitching: RHP Eddie Schmitt
Batting: SHB Raúl Duarte 0-0: Swinging Strike
0-1: SINGLE (Flyball, 89S)
Batting: RHB Luis Guerrero 0-0: Ball
1-0: Sac Bunt - play at first, batter OUT! 1-4
Raúl Duarte to second
Pinch Hitting: SHB Roku Hara 0-0: Swinging Strike
0-1: Called Strike
0-2: Strikes out swinging
Batting: LHB José Castillo 0-0: Called Strike
0-1: Foul Ball, location: 2F
0-2: Foul Ball, location: 2F
0-2: Ball
1-2: Ball
2-2: Ball
3-2: Strikes out swinging
Top of the 7th over - 0 runs, 1 hit, 0 errors, 1 left on base; Plymouth 2 - Jersey City 3
BOTTOM OF THE 7TH
Jersey City Tritons batting - Pitching for Plymouth Rocks : RHP Ken Shelton
Now at SS: Hubert Dodson
Batting: RHB Vincent Vega 0-0: Called Strike
0-1: Ball
1-1: Foul Ball, location: 2F
1-2: Strikes out looking
Batting: RHB Tommy Socorro 0-0: Ball
1-0: Ball
2-0: Fly out, F6 (Popup, 6M)
Batting: RHB Seth Rollins 0-0: Called Strike
0-1: Ball
1-1: Fly out, F9 (Flyball, 9LM)
Bottom of the 7th over - 0 runs, 0 hits, 0 errors, 0 left on base; Plymouth 2 - Jersey City 3
TOP OF THE 8TH
Plymouth Rocks batting - Pitching for Jersey City Tritons : RHP Eddie Schmitt
Now at C: Stephen Crouch
Now at 1B: Ludovic Michel
Now in CF: Colt Gridley
Batting: SHB Javier Vega 0-0: SINGLE (Flyball, 89S)
Batting: RHB Augusto Rocha 0-0: Swinging Strike
0-1: Foul Ball, location: 2F
0-2: Ball
1-2: Ball
2-2: Foul Ball, location: 2F
2-2: Ball
3-2: Strikes out swinging
Batting: RHB Cosmo Bjorkenheim 0-0: Ball
1-0: SINGLE (Groundball, 56) (infield hit)
Javier Vega to second
Batting: LHB Edgardo De Jesús 0-0: Called Strike
0-1: Sac Bunt - play at first, batter OUT! 2-4
Javier Vega to third
Cosmo Bjorkenheim to second
Batting: SHB Raúl Rodríguez 0-0: Ball
1-0: Ball
2-0: Ball
3-0: Called Strike
3-1: Base on Balls
Batting: SHB Raúl Duarte 0-0: Called Strike
0-1: Swinging Strike
0-2: Foul Ball, location: 2F
0-2: Ball
1-2: Ball
2-2: Ball
3-2: Ground out 6-3 (Groundball, 6MD)
Top of the 8th over - 0 runs, 2 hits, 0 errors, 3 left on base; Plymouth 2 - Jersey City 3
BOTTOM OF THE 8TH
Jersey City Tritons batting - Pitching for Plymouth Rocks : RHP Ken Shelton
Batting: LHB Dana Waldrip 0-0: Ball
1-0: Ball
2-0: Fly out, F9 (Flyball, 9S)
Batting: LHB Chia-ch'ing Dodman 0-0: Swinging Strike
0-1: Ball
1-1: Ball
2-1: Fly out, F7 (Flyball, 78XD)
Batting: RHB Ed Adams 0-0: Swinging Strike
0-1: Swinging Strike
0-2: Foul Ball, location: 2F
0-2: Ball
1-2: Foul Ball, location: 2F
1-2: Strikes out swinging
Bottom of the 8th over - 0 runs, 0 hits, 0 errors, 0 left on base; Plymouth 2 - Jersey City 3
TOP OF THE 9TH
Plymouth Rocks batting - Pitching for Jersey City Tritons : RHP Eddie Schmitt
Pitching: RHP Godfrey Verbiest
Now at 2B: Gabriel Guerrero
Now at 3B: Marcos Alfaro
Now in RF: Marvin Hunter
Batting: RHB Luis Guerrero 0-0: Fly out, F8 (Flyball, 8RXD)
Batting: RHB Hubert Dodson 0-0: Called Strike
0-1: Foul Ball, location: 2F
0-2: Ball
1-2: Ball
2-2: Ball
3-2: Base on Balls
Batting: LHB José Castillo 0-0: Ball
1-0: Ball
2-0: Ball
3-0: Called Strike
3-1: Base on Balls
Hubert Dodson to second
Batting: SHB Javier Vega 0-0: Ball
1-0: Grounds into double play, 4-6-3 (Groundball, 4)
Top of the 9th over - 0 runs, 0 hits, 0 errors, 1 left on base; Plymouth 2 - Jersey City 3
Sunday, March 18th, 2018 - OOTP Baseball 18.8 Build 76